 Dungeon Crawl Stone Soup version 0.30-a0-765-g3161bf10a1 (webtiles) character file.

Game seed: 5749553545679268863

11677 Conn the Arsonist (level 11, -15/63 HPs)
             Began as an Octopode Fire Elementalist on Feb 12, 2023.
             Was a Believer of Sif Muna.
             Demolished by a white ugly thing (52 damage)
             ... on level 11 of the Dungeon.
             The game lasted 00:32:20 (11643 turns).

Conn the Arsonist (Octopode Fire Elementalist)     Turns: 11643, Time: 00:32:20

Health: -15/63     AC:  8    Str:  9    XL:     11   Next: 81%
Magic:  1/35       EV: 19    Int: 26    God:    Sif Muna [**....]
Gold:   603        SH:  0    Dex: 18    Spells: 1/30 levels left

rFire   + + .      SeeInvis .    b - staff of fire
rCold   x . .      Faith    .    (no shield)
rNeg    . . .      Spirit   .    v - +3 hat of Pondering {ponderous, Will+ MP+10 Int+5}
rPois   .          Reflect  .    (no amulet)
rElec   .          Harm     .    o - +4 ring of protection
rCorr   .          Rampage  .    r - ring of fire
Will    +....                    y - +5 ring of evasion
Stlth   ++++                     c - +6 ring of dexterity
HPRegen 0.30/turn                (no ring)
MPRegen 0.24/turn                (no ring)
                                 (no ring)
                                 (no ring)

@: slow
A: almost no armour, amphibious, 8 rings, camouflage 1, gelatinous body 1,
(nimble swimmer 1), tentacles
a: Renounce Religion, Channel Magic


You were on level 11 of the Dungeon.
You worshipped Sif Muna.
Sif Muna was pleased with you.
You visited 2 branches of the dungeon, and saw 12 of its levels.

You collected 767 gold pieces.
You spent 164 gold pieces at shops.

Inventory:

Hand Weapons
 a - a +2 dagger of venom
 j - a +0 dagger
 E - the +2 short sword of Gluttony {heavy, *Slow rCorr MP+9 SInv}
   (You found it on level 8 of the Dungeon)

   MP:        It affects your magic capacity (+9).
   SInv:      It lets you see invisible.
   rCorr:     It protects you from acid and corrosion.
   *Slow:     It may slow you when you take damage.
Missiles
 A - 2 curare-tipped darts (quivered)
 C - 4 throwing nets
Armour
 v - the +3 hat of Pondering (worn) {ponderous, Will+ MP+10 Int+5}
   (You took it off Gastronok on level 9 of the Dungeon)

   Int:       It affects your intelligence (+5).
   MP:        It affects your magic capacity (+10).
   Will:      It increases your willpower.
Magical Staves
 b - a staff of fire (weapon)
 e - a staff of earth
Jewellery
 c - a +6 ring of dexterity (on tentacle)
 o - a +4 ring of protection (left tentacle)
 r - a ring of fire (right tentacle)
 y - a +5 ring of evasion (on tentacle)
Wands
 p - a wand of flame (63)
 F - a wand of iceblast (21)
 G - a wand of paralysis (11)
 H - a wand of digging (3)
Scrolls
 d - a scroll of magic mapping
 f - 2 scrolls of silence
 i - 2 scrolls of enchant weapon
 k - a scroll of fog
 s - 3 scrolls of blinking
 t - 2 scrolls of summoning
 u - 2 scrolls of poison
 x - 2 scrolls of enchant armour
Potions
 g - 2 potions of heal wounds
 h - 2 potions of brilliance
 l - 3 potions of attraction
 m - a potion of ambrosia
 n - 2 potions of magic
 q - 4 potions of invisibility
 w - 3 potions of mutation {unknown}
 z - a potion of curing
 B - a potion of flight {unknown}
 D - a potion of degeneration {unknown}


   Skills:
 + Level 1.2 Fighting
 + Level 0.5 Short Blades
 + Level 2.8 Dodging
 + Level 4.9 Stealth
 + Level 0.3 Unarmed Combat
 * Level 10.4 Spellcasting
 * Level 6.6 Conjurations
 + Level 2.2 Hexes
 * Level 10.8 Fire Magic
 + Level 0.3 Ice Magic
 * Level 5.4 Air Magic
 - Level 4.2 Poison Magic
 + Level 0.6 Evocations


You had one spell level left.
You knew the following spells:

 Your Spells              Type           Power      Damage    Failure   Level
a - Foxfire               Conj/Fire      100%       2x1d9     1%          1
b - Mephitic Cloud        Conj/Pois/Air  41%        N/A       1%          3
c - Inner Flame           Hex/Fire       82%        N/A       1%          3
d - Flame Wave            Conj/Fire      93%        2d20      1%          4
e - Scorch                Fire           100%       2d10      1%          2
f - Hailstorm             Conj/Ice       31%        3d8       3%          3
g - Arcjolt               Conj/Air       22%        1d32      11%         5
h - Swiftness             Air            41%        N/A       1%          3
i - Lightning Bolt        Conj/Air       22%        1d37      11%         5

Your spell library contained the following spells:

 Spells                   Type           Power      Damage    Failure   Level
 Apportation              Tloc           26%        N/A       4%          1
 Necrotise                Necr           52%        1d6       4%          1
 Summon Small Mammal      Summ           52%        N/A       4%          1
 Cigotuvi's Dreadful Rot  Necr/Pois/Air  60%        N/A       1%          2
 Poisonous Vapours        Pois/Air       76%        N/A       1%          2
 Static Discharge         Conj/Air       88%        2-6/arc   1%          2
 Kindle Blastsparks       Fire/Tloc/Air  100%       2d18      1%          3
 Ensorcelled Hibernation  Hex/Ice        40%        N/A       4%          2
 Vhi's Electric Charge    Tloc/Air       54%        N/A       4%          3
 Tukima's Dance           Hex            25%        N/A       5%          3
 Passwall                 Tmut/Erth      10%        N/A       7%          2
 Ice Form                 Ice/Tmut       14%        N/A       38%         4
 Passage of Golubria      Tloc           13%        N/A       41%         4
 Yara's Violent Unravell  Hex/Tmut       9%         3d6       61%         5
 Simulacrum               Ice/Necr       7%         N/A       99%         6


Dungeon Overview and Level Annotations

Branches:
Dungeon (11/15)            Temple (1/1) D:5             Orc (0/2) D:10
   Lair: D:8-11

Altars:
Ashenzari
Cheibriados
Dithmenos
Elyvilon
Fedhas
Gozag
Hepliaklqana
Kikubaaqudgha
Nemelex Xobeh
Okawaru
Ru
Sif Muna
Trog
Uskayaw
Vehumet
Wu Jian
Xom
Yredelemnul
Zin
The Shining One

Shops:
D:8 ?


Innate Abilities, Weirdness & Mutations

You cannot wear most types of armour.
You are amphibious.
You can wear up to eight rings at the same time.
Your skin changes colour to match your surroundings (Stealth+).
Your rubbery body absorbs attacks. (AC +1, EV +1)
((You are camouflaged when in or above water. (Stealth+)))
You have tentacles for arms and can constrict up to eight enemies at once.


Message History

The white ugly thing is moderately wounded.
Your foxfire dissipates!
The foxfire hits the white ugly thing!
The white ugly thing is burned terribly!
The white ugly thing is moderately wounded.
The foxfire hits the white ugly thing but does no damage.
The white ugly thing is moderately wounded.
Your foxfire dissipates!
Casting: Scorch (safe; 1% risk of failure)
Confirm with . or Enter, or press ? or * to list all spells.
You feel a strong surge of power!
Flames lash the white ugly thing.
The white ugly thing is burned terribly!
The white ugly thing is severely wounded.
The white ugly thing closely misses you.
You hit the white ugly thing but do no damage.
You grab the white ugly thing. You squeeze the white ugly thing!
The white ugly thing is severely wounded.
You constrict the white ugly thing. The white ugly thing bites you!
The white ugly thing freezes you!!
You feel a terrible chill!
Okay, then.
Unknown command.
Unknown command.
Unknown command.
Unknown command.
Unknown command.
You feel much better.
You constrict the white ugly thing, but do no damage.
The white ugly thing barely misses you.
Throw: 3 darts (curare)
Press: ? - help, Q - select action, (/) - cycle Shift-Dir - straight line, f - white ugly thing
Aim: a white ugly thing (almost dead, constricted by you, more vulnerable to fire, 90% to hit)
You throw a curare-tipped dart.
The curare-tipped dart hits the white ugly thing.
The white ugly thing is poisoned.
The white ugly thing convulses.
The white ugly thing seems to slow down.
The white ugly thing is almost dead.
You constrict the white ugly thing. The white ugly thing bites you.
The white ugly thing freezes you!!!
You feel a terrible chill!
Ouch! That really hurt!
You die...

####### #.....# #.....#
#.....# ##<.)..##
#.......#####
#...........#
###.......###.#
#.....@.......# #
#.###.u..###..#.# ...
####..###..#.# ##.
#............# ####
#..##.##..###..####)....
......##..###...)..)....
#.......).......##)).##.
#.#####†######....))....
#u# #..#..)..#.


You could see a white ugly thing (very poisoned, slow, combustible).

Vanquished Creatures
  Gastronok (D:9)
  Erica (D:8)
  Harold (D:9)
  2 two-headed ogres
  The ghost of vrbfk the Blocker, a novice MiFi of Okawaru (D:7)
  The ghost of zx48k the Blocker, a novice GnFi (D:7)
  A manticore (D:8)
  Joseph (D:8)
  3 kobold demonologists (D:11)
  2 trolls
  A hornet (D:9)
  A shadow (D:11)
  A wyvern (D:10)
  2 wraiths (D:9)
  4 fire bats (D:10)
  A steam dragon (D:9)
  A water moccasin (D:9)
  A hell hound (D:10)
  An ice beast (D:5)
  A black bear (D:5)
  An orc warrior (D:7)
  5 centaurs
  2 phantoms
  2 kobold brigands
  A bullfrog (D:7)
  2 necrophages
  3 scorpions (D:6)
  5 wights (D:7)
  13 killer bees
  4 electric eels (D:10)
  3 howler monkeys
  2 lava snakes (D:10)
  4 hounds
  2 gnoll boudas
  A jelly (D:8)
  4 orc priests
  3 iguanas
  6 orc wizards
  6 adders
  20 gnolls
  A shadow imp (D:8)
  2 white imps
  An ufetubus (D:5)
  A worm (D:2)
  3 dart slugs
  25 orcs
  6 bats
  8 endoplasms
  8 giant cockroaches
  7 goblins
  9 hobgoblins
  4 jackals (D:2)
  9 quokkas
  11 ball pythons
  4 frilled lizards
  11 kobolds
  8 rats
  A spectral orc (D:4)
  3 fire vortices (D:10)
239 creatures vanquished.

Vanquished Creatures (collateral kills)
  3 gnolls (D:4)
  A foxfire (D:3)
4 creatures vanquished.

Vanquished Creatures (others)
  460 foxfires
  3 plants (D:11)
  6 withered plants (D:7)
469 creatures vanquished.

Grand Total: 712 creatures vanquished

Notes
Turn   | Place    | Note
-------+----------+-------------------------------------------
     0 | D:1      | Conn the Octopode Fire Elementalist began the quest for the
                  | Orb.
     0 | D:1      | Reached XP level 1. HP: 11/11 MP: 3/3
   113 | D:1      | Reached XP level 2. HP: 17/17 MP: 0/5
   190 | D:1      | Learned a level 2 spell: Scorch
   578 | D:1      | Reached XP level 3. HP: 20/21 MP: 3/6
  1513 | D:2      | Reached XP level 4. HP: 27/27 MP: 1/8
  1732 | D:2      | Learned a level 3 spell: Inner Flame
  2509 | D:3      | Reached XP level 5. HP: 31/31 MP: 6/9
  3053 | D:4      | Found an ancient bone altar of Kikubaaqudgha.
  3412 | D:4      | Found a blossoming altar of Fedhas.
  3591 | D:4      | Reached XP level 6. HP: 9/37 MP: 2/11
  4026 | D:4      | Found a basalt altar of Yredelemnul.
  4173 | D:4      | Reached skill level 1 in Hexes
  4290 | D:5      | Entered Level 5 of the Dungeon
  4461 | D:5      | Reached XP level 7. HP: 37/42 MP: 13/13
  4475 | D:5      | Reached skill level 5 in Fire Magic
  4534 | D:5      | Reached skill level 1 in Fighting
  4690 | D:5      | Learned a level 4 spell: Flame Wave
  4694 | D:5      | Learned a level 3 spell: Mephitic Cloud
  5133 | D:5      | Reached skill level 1 in Air Magic
  5133 | D:5      | Reached XP level 8. HP: 48/48 MP: 4/15
  5246 | D:5      | Found a staircase to the Ecumenical Temple.
  5255 | Temple   | Entered the Ecumenical Temple
  5382 | Temple   | Became a worshipper of Sif Muna the Loreminder
  5540 | D:6      | Reached skill level 1 in Poison Magic
  5669 | D:6      | Reached skill level 5 in Spellcasting
  6087 | D:6      | Found a hide-covered altar of Uskayaw.
  6926 | D:7      | Found a runed translucent gate.
  6927 | D:7      | Found a runed translucent gate.
  6928 | D:7      | Found a runed translucent gate.
  6932 | D:7      | Noticed vrbfk's ghost (novice MiFi)
  6932 | D:7      | Noticed zx48k's ghost (novice GnFi)
  6997 | D:7      | Reached XP level 9. HP: 53/53 MP: 4/18
  7339 | D:7      | Found a hazy altar of Hepliaklqana.
  7626 | D:7      | Learned a level 3 spell: Hailstorm
  7641 | D:7      | Killed zx48k's ghost
  7647 | D:7      | Killed vrbfk's ghost
  7647 | D:7      | Reached * piety under Sif Muna
  7825 | D:8      | Noticed a manticore
  7834 | D:8      | Killed a manticore
  7835 | D:8      | Reached XP level 10. HP: 52/58 MP: 5/21
  8047 | D:8      | Identified the +2 short sword of Gluttony {heavy, *Slow
                  | rCorr MP+9 SInv}
  8050 | D:8      | Noticed Joseph
  8056 | D:8      | Killed Joseph
  8300 | D:8      | Found Ocvuwiz's Magic Scroll Emporium.
  8340 | D:8      | Bought a scroll of blinking for 82 gold pieces
  8340 | D:8      | Bought a scroll of blinking for 82 gold pieces
  8699 | D:8      | Found an opulent altar of Gozag.
  8863 | D:8      | Noticed Erica
  8873 | D:8      | Killed Erica
  8874 | D:8      | Reached skill level 5 in Conjurations
  9088 | D:9      | Learned a level 5 spell: Arcjolt
  9134 | D:9      | Found an iron altar of Okawaru.
  9157 | D:9      | Noticed Gastronok
  9307 | D:9      | Killed Gastronok
  9427 | D:9      | Found a glowing golden altar of the Shining One.
  9482 | D:9      | Found a sparkling altar of Nemelex Xobeh.
  9580 | D:9      | Noticed a two-headed ogre
  9586 | D:9      | Reached XP level 11. HP: 63/63 MP: 22/24
  9590 | D:9      | Killed a two-headed ogre
  9591 | D:9      | Reached skill level 10 in Fire Magic
  9742 | D:9      | Noticed Harold
  9753 | D:9      | Killed Harold
 10115 | D:10     | Entered Level 10 of the Dungeon
 10177 | D:10     | Found a staircase to the Orcish Mines.
 10669 | D:10     | Found a shadowy altar of Dithmenos.
 10739 | D:10     | Reached skill level 5 in Air Magic
 10744 | D:10     | Learned a level 3 spell: Swiftness
 10750 | D:10     | Learned a level 5 spell: Lightning Bolt
 10941 | D:10     | Found a bloodstained altar of Trog.
 11089 | D:10     | Reached skill level 10 in Spellcasting
 11181 | D:10     | Reached ** piety under Sif Muna
 11473 | D:11     | Noticed a two-headed ogre
 11483 | D:11     | Killed a two-headed ogre
 11632 | D:11     | Noticed a white ugly thing
 11643 | D:11     | Demolished by a white ugly thing

Illustrated notes

Levels and vault maps discovered:
D:1:      dpeg_arrival_prison, layout_basic
D:2:      layout_basic
D:3:      layout_rooms, minmay_cupped
D:4:      layout_loops_corners, yredelemnul_forgotten_temple_becter,
          mainiacjoe_overflow_24_doors, lemuel_crystal_altar, kennysheep_doodads
D:5:      layout_basic, temple_hall, lemuel_flamethrower_1
D:6:      layout_basic, amcnicky_altar_gilded
D:7:      layout_loops_ring, mainiacjoe_overflow_surrounded_room,
          gammafunk_ghost_cemetery
D:8:      layout_basic, grunt_gozag_breadcrumbs, serial_shops, shop,
          nicolae_zen_rock_garden, uniq_erica, uniq_joseph
D:9:      layout_roguey, chequers_temple_overflow_statue_of_worship,
          okawaru_metal_pillars_1_2, hangedman_decor_clover_reticule,
          uniq_harold, uniq_gastronok
D:10:     layout_basic, lemuel_doored_altar, lightli_temple_of_fire,
          orc_0_dummy, hangedman_incinerator
D:11:     layout_loops_cross, dpeg_oklobed_lair
Temple:   grunt_temple_mini_profane

Skill      XL: |  1  2  3  4  5  6  7  8  9 10 11 |
---------------+----------------------------------+-----
Stealth        | 3 4 |  4.9
Spellcasting   | 3 4 6 7 9 10 | 10.4
Fire Magic     | 4 5 6 8 9 10 | 10.8
Conjurations   | 2 3 4 5 6 |  6.6
Hexes          | 1 2 |  2.2
Fighting       | 1 |  1.2
Air Magic      | 1 2 3 4 5 |  5.4
Poison Magic   | 2 3 4 |  4.2
Short Blades   | |  0.5
Dodging        | |  2.8
Unarmed Combat | |  0.3
Ice Magic      | |  0.3
Evocations     | |  0.6

Action                     |  1- 3 |  4- 6 |  7- 9 | 10-12 || total
---------------------------+-------+-------+-------+-------++-------
  Melee: Unarmed           |    14 |       |       |       ||    14
         Tentacles         |     4 |    11 |     3 |     1 ||    19
         Constrict         |     3 |    11 |     3 |     1 ||    18
         Dagger            |       |    43 |     5 |       ||    48
         Staff             |       |       |     4 |     1 ||     5
  Throw: Dart              |       |       |     1 |     1 ||     2
   Cast: Foxfire           |    64 |    77 |    50 |    86 ||   277
         Scorch            |     6 |    15 |    57 |    67 ||   145
         Inner Flame       |       |     2 |     2 |     1 ||     5
         Flame Wave        |       |       |     4 |    14 ||    18
         Mephitic Cloud    |       |       |     2 |    10 ||    12
         Hailstorm         |       |       |       |    14 ||    14
         Arcjolt           |       |       |       |     2 ||     2
  Evoke: Wand              |       |     3 |       |       ||     3
    Use: Scroll            |       |     3 |     4 |     7 ||    14
         Potion            |       |     3 |     5 |     1 ||     9
   Stab: Sleeping          |     1 |    11 |     1 |       ||    13
 Armour: Skin              |     3 |     8 |     9 |     8 ||    28
  Dodge: Dodged            |    12 |    35 |    24 |    46 ||   117

Table legend: (Time is in decaauts)
 A = Elapsed time spent in this place.
 B = Non-inter-level travel time spent in this place.
 C = Inter-level travel time spent in this place.
 D = Time resting spent in this place.
 E = Time spent auto-exploring this place.
 F = Levels seen in this place.
 G = Mean time per level.
                   A        B        C        D        E       F      G
               +--------+--------+--------+--------+--------+-----+--------+
         Total |  11748 |  11514 |    234 |    209 |   8934 |  12 |  979.0 |
       Dungeon |  11598 |  11386 |    212 |    209 |   8814 |  11 | 1054.4 |
        Temple |    149 |    127 |     22 |      0 |    120 |   1 |  149.0 |
               +--------+--------+--------+--------+--------+-----+--------+

Top non-repeatable levels by time:
    D:10: 1421 daAuts
     D:8: 1215 daAuts
     D:4: 1213 daAuts
     D:7: 1208 daAuts
     D:1: 1169 daAuts
     D:9: 1114 daAuts
     D:5: 1084 daAuts
     D:6: 1070 daAuts
     D:2: 1070 daAuts
     D:3: 837 daAuts
    D:11: 192 daAuts
  Temple: 149 daAuts
